 Dungeon Sprint DCSS version 0.17-a0-1646-geb1493d (webtiles) character file.

868 Kidiri the Covert (level 7, -8/31 (32) HPs)
             Began as a Spriggan Enchanter on Aug 10, 2015.
             Mangled by a boulder beetle (39 damage)
             ... in the Dungeon (Sprint II: "The Violet Keep of Menkaure").
             The game lasted 00:05:02 (375 turns).

Kidiri the Covert (Spriggan Enchanter)               Turns: 375, Time: 00:05:02

HP:   -8/31 (32)    AC:  3    Str:  4    XL:     7   Next: 73%
MP:   21/21         EV: 28    Int: 17    God:
Gold: 729           SH:  0    Dex: 18    Spells: 5 memorised, 14 levels left

rFire  . . .     SeeInvis +     a - +1 dagger
rCold  . . .     Clarity  .     b - +1 robe
rNeg   . . .     SustAt   .     (shield restricted)
rPois  .         Gourm    .     (helmet restricted)
rElec  .         Spirit   .     (no cloak)
rCorr  .         Warding  .     (gloves unavailable)
rMut   .         NoTele   +     (boots unavailable)
MR     +....                    (no amulet)
Stlth  ++++++....               (no ring)
                                (no ring)

@: very quick, somewhat resistant to hostile enchantments, very stealthy
A: unfitting armour, see invisible, herbivore 3, speed 3, slow metabolism 2
a: no special abilities


You were in the Dungeon.
You were not hungry.

You visited 1 branch You collected 729 gold pieces.

Inventory:

Hand weapons
 a - a +1 dagger (weapon)
Armour
 b - a +1 robe (worn)
Scrolls
 j - a scroll of blinking
Potions
 g - a potion of haste
 h - 2 potions of magic
Books
 c - a book of Maledictions

   Spells                             Type                      Level
   a - Corona                         Hexes                        1
   b - Ensorcelled Hibernation        Hexes/Ice                    2
   c - Confuse                        Hexes                        3
   d - Tukima's Dance                 Hexes                        3
   e - Dazzling Spray                 Conjuration/Hexes            3
Comestibles
 d - a bread ration


   Skills:
 + Level 6.2 Short Blades
 * Level 11.8 Dodging
 * Level 13.0 Stealth
 * Level 10.3 Spellcasting
 + Level 2.1 Conjurations
 + Level 7.7 Hexes
 + Level 2.3 Ice Magic


You had 14 spell levels left.
You knew the following spells:

 Your Spells              Type           Power        Failure   Level  Hunger
a - Corona                Hex            #####..      1%          1    None
b - Ensorcelled Hibernat  Hex/Ice        ####..       1%          2    None
c - Confuse               Hex            #####...     1%          3    None
d - Tukima's Dance        Hex            #####...     1%          3    None
e - Dazzling Spray        Conj/Hex       ####....     3%          3    None


Dungeon Overview and Level Annotations

Branches:
Dungeon (1/1)

Altars:


Innate Abilities, Weirdness & Mutations

You are tiny and cannot use many weapons and most armour.
You have supernaturally acute eyesight.
You are a herbivore.
You cover ground extremely quickly.
You need consume almost no food.


Message History

You butcher the brain worm corpse.
You see here 3 inedible chunks of flesh.
You see here 3 inedible chunks of flesh.
You see here 2 inedible chunks of flesh.
There is an open door here.
You close the door.
You open the door.
There is an open door here.
The helpless boulder beetle fails to defend itself.
You skewer the boulder beetle like a kebab!!!!
You kill the boulder beetle!
Your Short Blades skill increases to level 6!
Your Stealth skill increases to level 13!
Your Spellcasting skill increases to level 10!
Your Conjurations skill increases to level 2!
No target in view!
There is an open door here.
You barely miss the boulder beetle. The boulder beetle bites you!!!
Ouch! That really hurt!
You die...

+## ####.##
#..##%#
####.%%####
#%###+###.##
##..##.##...#
+.##+.<.'###+
##%.##.##@B$#
#%###รท###.##
####.#.####
#..#..#
##...## ##+##


โ‰ˆโ‰ˆโ‰ˆ +++# .. You could see a boulder beetle.

Vanquished Creatures
  A boulder beetle (D)
  4 necrophages (D)
  4 brain worms (D)
  4 worker ants (D)
13 creatures vanquished.

Vanquished Creatures (others)
  A crocodile (D)
1 creature vanquished.

Grand Total: 14 creatures vanquished

Notes
Turn   | Place    | Note
--------------------------------------------------------------
     0 | D        | Kidiri the Spriggan Enchanter began the quest for the Orb.
     0 | D        | Reached XP level 1. HP: 9/9 MP: 5/5
     1 | D        | Noticed a brain worm
     1 | D        | Noticed a brain worm
     1 | D        | Noticed a brain worm
     1 | D        | Noticed a brain worm
     4 | D        | Noticed a worker ant
     4 | D        | Noticed a worker ant
     4 | D        | Noticed a worker ant
     4 | D        | Noticed a worker ant
     7 | D        | Noticed a necrophage
     7 | D        | Noticed a necrophage
     7 | D        | Noticed a necrophage
     7 | D        | Noticed a necrophage
    16 | D        | Killed a necrophage
    16 | D        | Reached skill level 6 in Dodging
    16 | D        | Reached skill level 7 in Stealth
    16 | D        | Reached skill level 5 in Spellcasting
    16 | D        | Reached skill level 5 in Hexes
    16 | D        | Reached XP level 2. HP: 13/13 MP: 4/9
    16 | D        | Reached XP level 3. HP: 16/16 MP: 4/11
    16 | D        | Reached XP level 4. HP: 21/21 MP: 4/12
    23 | D        | Killed a crocodile
    26 | D        | Killed a necrophage
    26 | D        | Reached skill level 8 in Dodging
    26 | D        | Reached skill level 9 in Stealth
    26 | D        | Reached XP level 5. HP: 17/24 MP: 5/15
    46 | D        | Killed a necrophage
    46 | D        | Reached skill level 10 in Stealth
    81 | D        | Learned a level 2 spell: Ensorcelled Hibernation
    85 | D        | Learned a level 3 spell: Confuse
    95 | D        | Learned a level 3 spell: Tukima's Dance
   130 | D        | Noticed an ice statue
   150 | D        | Killed a necrophage
   150 | D        | Reached skill level 5 in Short Blades
   150 | D        | Reached skill level 10 in Dodging
   150 | D        | Reached skill level 11 in Stealth
   150 | D        | Reached XP level 6. HP: 16/27 MP: 1/18
   157 | D        | Learned a level 3 spell: Dazzling Spray
   284 | D        | Noticed a boulder beetle
   284 | D        | Noticed a boulder beetle
   291 | D        | Killed a worker ant
   295 | D        | Killed a worker ant
   319 | D        | Killed a worker ant
   322 | D        | Killed a worker ant
   322 | D        | Reached skill level 1 in Ice Magic
   345 | D        | Killed a brain worm
   345 | D        | Reached skill level 1 in Conjurations
   347 | D        | Killed a brain worm
   347 | D        | Reached skill level 12 in Stealth
   347 | D        | Reached XP level 7. HP: 31/31 MP: 18/21
   349 | D        | Killed a brain worm
   352 | D        | Killed a brain worm
   372 | D        | Killed a boulder beetle
   372 | D        | Reached skill level 13 in Stealth
   372 | D        | Reached skill level 10 in Spellcasting
   375 | D        | Mangled by a boulder beetle

Vault maps used:
D:        the_violet_keep_of_menkaure

Action                   |  1- 3 |  4- 6 |  7- 9 || total
-------------------------+-------+-------+-------++-------
Melee: Dagger            |     6 |    49 |     4 ||    59
 Cast: Corona            |     1 |     2 |       ||     3
       Confuse           |       |     6 |       ||     6
       Ensorcelled Hiber |       |     4 |       ||     4
  Use: Potion            |     1 |     2 |       ||     3
 Stab: Sleeping          |       |     6 |     3 ||     9
